 Dungeon Crawl Stone Soup version 0.16-a0-89-g8f4210b (console) character file.

1912584 perunasaurus the Warrior (level 26, 151/151 HPs)
             Began as a Vine Stalker Transmuter on Aug 8, 2014.
             Was the Champion of Okawaru.
             Escaped with the Orb
             ... and 3 runes!
             The game lasted 03:43:30 (50840 turns).

perunasaurus the Warrior (Vine Stalker Transmuter) Turns: 50840, Time: 03:43:30

HP 151/151       AC 26     Str 17      XL: 26   Next: 15%
MP  41/41        EV 33     Int 13      God: Okawaru [******]
Gold 3071        SH  0     Dex 27      Spells: 10 memorised,  8 levels left

rFire  + + .     SeeInvis +       - Unarmed
rCold  . . .     Clarity  .     O - +4 faerie dragon armour {+Blink +Rage rElec Str+3}
rNeg   . . .     rCorr    .     (no shield)
rPois  .         rRot     +     h - +2 helmet {SInv}
rElec  +         Spirit   +     W - +2 cloak {MR+}
SustAb .         Warding  .     F - +2 pair of gloves of the Imp {Dex+1 Slay+4}
rMut   +         Stasis   .     M - +2 pair of boots {run}
Gourm  .                        b - amulet of resist mutation
MR     ++++.                    j - ring of protection from fire
                                U - ring of protection from fire

@: very slightly contaminated, deflect missiles, quick, incredibly resistant to
hostile enchantments, very unstealthy
A: fangs 3, regeneration 3, magic shield, antimagic bite, no device heal 3, rot
immunity
a: Heroism, Finesse, Renounce Religion, Evoke Blink, Evoke Berserk Rage
0: Orb of Zot
}: 3/15 runes: barnacled, silver, gossamer


You escaped.
You worshipped Okawaru.
Okawaru was exalted by your worship.
You were not hungry.

You visited 10 branches of the dungeon, and saw 56 of its levels.
You also visited: Ice Cave.

You collected 6826 gold pieces.
You spent 3755 gold pieces at shops.


Innate Abilities, Weirdness & Mutations

You have razor-sharp teeth.
You regenerate.
When hurt, damage is shared between your health and your magic reserves.
Your bite disrupts and absorbs the magic of your enemies.
Potions and wands cannot restore your health.
You are immune to rotting.


   Skills:
 + Level 19.4 Fighting
 - Level 10.0 Armour
 - Level 19.0 Dodging
 - Level 19.1 Unarmed Combat
 - Level 11.0 Spellcasting
 - Level 12.0 Hexes
 - Level 14.0 Charms
 - Level 11.1 Transmutations
 - Level 10.0 Air Magic
 - Level 6.4 Invocations
 - Level 6.0 Evocations


You had 8 spell levels left.
You knew the following spells:

 Your Spells              Type           Power        Failure   Level  Hunger
a - Regeneration          Chrm/Necr      ####......   1%          3    #......
b - Flight                Chrm/Air       #####.....   1%          3    #......
c - Control Teleport      Chrm/Tloc      ####......   8%          4    ###....
d - Blade Hands           Trmt           #####.....   3%          5    #####..
e - Ice Form              Ice/Trmt       ###.....     12%         4    ###....
f - Blink                 Tloc           N/A          17%         2    None
g - Haste                 Chrm           #####...     6%          6    ######.
h - Silence               Hex/Air        #####.....   3%          5    #####..
i - Summon Butterflies    Summ           #.......     12%         1    None
j - Deflect Missiles      Chrm/Air       #####.....   14%         6    ######.

Inventory:

Hand weapons
 a - the +8 blowgun of Terror {evade, +Inv}
   (You found it on level 2 of the Spider Nest)

   It affects your evasion (+5 to EV).
   It lets you turn invisible.
Missiles
 i - 857 stones (quivered)
 v - a curare-tipped needle
Armour
 h - a +2 helmet of see invisible (worn)
 F - the +2 pair of gloves of the Imp (worn) {Dex+1 Slay+4}
   (Okawaru gifted it to you on level 4 of the Orcish Mines)

   It affects your dexterity (+1).
   It affects your accuracy and damage with ranged weapons and melee attacks
   (+4).
 M - a +2 pair of boots of running (worn)
 O - the +4 faerie dragon armour (worn) {+Blink +Rage rElec Str+3}
   (You took it off the Enchantress on level 4 of the Depths)

   It affects your strength (+3).
   It insulates you from electricity.
   It lets you blink.
   It lets you go berserk.
 W - a +2 cloak of magic resistance (worn)
Magical devices
 z - a wand of digging (14) {!v}
 A - a wand of cold (6) {!v}
 N - a wand of hasting (4) {!v}
 Q - a wand of cold (11) {!v}
 R - a wand of fire (5) {!v}
 Y - a wand of digging (18) {!v}
Comestibles
 r - 9 meat rations {!e}
 C - 6 fruits {!e}
Scrolls
 c - 20 scrolls of remove curse {!r}
 l - a scroll of fear {!r}
 p - 3 scrolls of fog {!r}
 t - 14 scrolls of identify {!r}
 u - 3 scrolls of summoning {!r}
 y - a scroll of enchant armour {!r}
 B - 2 scrolls of blinking {!r}
 H - 14 scrolls of teleportation {!r}
 L - 2 scrolls of silence {!r}
 V - 4 scrolls of recharging {!r}
 X - 2 scrolls of holy word {!r}
Jewellery
 b - an amulet of resist mutation (around neck)
 d - a +4 ring of protection
 j - a ring of protection from fire (right hand)
 n - an uncursed amulet of rage
 s - the ring of Uhainad {rC+ Str+4 Dex+3}
   (You took it off Nikola on level 3 of the Elven Halls)

   [ring of protection from cold]

   It affects your strength (+4).
   It affects your dexterity (+3).
   It protects you from cold.
 D - the ring of Yrphoxew {rPois Int+5 SInv}
   (You took it off a deep elf blademaster on level 3 of the Elven Halls)

   [ring of intelligence]

   It affects your intelligence (+5).
   It protects you from poison.
   It enhances your eyesight.
 K - an uncursed ring of teleportation
 U - a ring of protection from fire (left hand)
Potions
 f - 25 potions of curing {!q}
 g - a potion of might {!q}
 k - 3 potions of invisibility {!q}
 o - a potion of berserk rage {!q}
 q - 2 potions of lignification {!q}
 w - 3 potions of agility {!q}
 x - 6 potions of haste {!q}
 G - a potion of cancellation {!q}
 J - 3 potions of magic {!q}
 P - 4 potions of resistance {!q}
 Z - 2 potions of cure mutation {!q}
Miscellaneous
 S - a sack of spiders
 T - a lamp of fire


Message History

Thin's tha be 'ere: a leathar armour; a dagger Ye climb upwards.
Ye sense a powerful magical force warpin' space.
Thar be a stone staircase leadin' down 'ere.
Thar be an 'scape hatch in tha ceilin' 'ere.
A mesterious force pulls ye upwards.
Tha hatch slams shut behind ye.
Ye sense a powerful magical force warpin' space.
Yer 'stra speed be startin' ta run out.
Ye feel yerself slow down.
Thar be a stone staircase leadin' up 'ere.
Ye climb upwards.
Ye sense a powerful magical force warpin' space.
Thar be a stone staircase leadin' down 'ere.
Thar be an op'n door 'ere.
HP restored.
Magic restored.
Thar be an op'n door 'ere.
Thar be a staircase leadin' outta tha dungeon 'ere.
Ye haf 'scaped!

..##.........#...####.....##.#...
..###........#...# #............
).# #........#...# #...#####....
### #........#...# ##..# #......
# #........#...# #..###...... #
#.>.[....##### #........... #
################# #...........
###...###.(.###...# #......%....
..#.............@.# #...........
..#...###...###...# #...........
..##.## ##### ##### ##'######...
'##.[.###...###...# ### ##..
.##...............##### #..
.##...###...###...#...# #####..
.###### ##### ##.##...# #......
..#...###...###...#...# ######.
..#...............#...# #.


There were no monsters in sight!

Vanquished Creatures
  5 orbs of fire (Zot:5)
  5 ancient liches (Zot:5)
  Saint Roka (Orc:4)
  Margery (Vaults:5)
  A Killer Klown (Zot:5)
  Mara (Depths:4)
  Mennas (Vaults:4)
  5 golden dragons
  An electric golem (Zot:5)
  the Enchantress (Depths:4)
  Nikola (Elf:3)
  Arachne (Spider:2)
  25 Orb Guardians
  Asterion (Depths:3)
  4 tentacled monstrosities
  A lich (Vaults:3)
  A quicksilver dragon (Vaults:4)
  2 deep elf blademasters (Elf:3)
  An acid blob (Zot:4)
  2 deep elf master archers (Elf:3)
  5 titans
  A kraken (Shoals:5)
  6 storm dragons
  2 sphinxes
  3 octopode crushers (Depths:1)
  Agnes (Vaults:4)
  Frances (Spider:1)
  Kirke (Spider:1)
  5 shadow dragons
  5 draconian monks
  6 fire giants
  4 tengu reavers
  Ilsuiw (Shoals:5)
  6 fire dragons
  17 vault wardens
  5 deep elf sorcerers
  Wiglaf (Spider:5)
  2 draconian scorchers (Zot:1)
  6 frost giants
  5 ghost moths
  Louise (Elf:1)
  4 draconian knights
  3 emperor scorpions (Spider:5)
  Gastronok (Orc:3)
  3 draconian zealots
  4 spriggan defenders (Depths:4)
  4 draconian shifters
  19 stone giants
  A war gargoyle (Vaults:5)
  A draconian caller (Zot:1)
  4 draconian annihilators
  10 deep elf demonologists
  A curse skull (Vaults:2)
  3 green draconians
  A grey draconian (shapeshifter) (Vaults:3)
  2 grey draconians (Zot:1)
  8 deep elf annihilators
  2 red draconians
  Azrael (Elf:1)
  4 mottled draconians
  11 yellow draconians
  A black draconian (Zot:1)
  A pale draconian (Zot:4)
  6 dire elephants
  3 purple draconians
  3 white draconians
  35 vault guards
  Snorg (Lair:7)
  2 merfolk javelineers (Shoals:5)
  8 deep elf death magi
  9 merfolk impalers
  A crystal guardian (Vaults:3)
  17 ettins
  4 minotaurs
  3 great orbs of eyes
  18 yaktaur captains
  A rakshasa (Vaults:1)
  A jiangshi (Vaults:2)
  4 deep elf high priests
  16 ironheart preservers
  Fannar (Lair:7)
  3 death cobs
  7 hydras
  Harold (Lair:4)
  9 ice dragons
  Nessos (Elf:2)
  5 centaur warriors
  A ravenous feature mimic (Vaults:2)
  3 spriggan air magi (Depths:4)
  4 sirens
  5 deep troll earth magi
  3 merfolk aquamancers (Shoals:5)
  An anaconda (Lair:8)
  An alligator snapping turtle (Shoals:5)
  A satyr (Shoals:5)
  A dancing weapon (Vaults:4)
  An anaconda (shapeshifter) (Vaults:4)
  19 ogre magi
  4 deep troll shamans
  9 death yaks
  2 spriggan berserkers (Depths:4)
  5 tengu warriors
  2 fire crabs
  Nergalle (Orc:3)
  An orb spider (shapeshifter) (Vaults:4)
  4 iron trolls
  A shadow wraith (Vaults:4)
  4 hell knights
  27 deep trolls
  8 sea snakes
  18 deep elf knights
  4 unseen horrors
  15 orb spiders
  2 wizards
  A giant orange brain (shapeshifter) (Vaults:5)
  4 hill giants
  2 giant orange brains (Vaults:1)
  2 swamp dragons (Depths:3)
  An ice statue (IceCv)
  15 deep elf summoners
  16 ironbrand convokers
  19 orc knights
  A shadow dragon skeleton (Vaults:4)
  A shining eye (shapeshifter) (Elf:1)
  6 manticores
  7 griffons
  A mana viper (shapeshifter) (Vaults:4)
  6 orc sorcerers
  30 wolf spiders
  7 red wasps
  4 cyclopes
  14 deep elf conjurers
  4 phantasmal warriors
  3 sixfirhies
  A tengu skeleton (Vaults:4)
  A wolf spider (shapeshifter) (Vaults:5)
  3 necromancers
  14 harpies
  5 water nymphs
  A red wasp (shapeshifter) (Elf:2)
  9 elephants
  7 moths of wrath
  A drowned soul (Shoals:4)
  8 black mambas
  12 ugly things
  A stone giant skeleton (Vaults:4)
  16 vault sentinels
  14 spiny frogs
  2 torpor snails
  An eye of devastation (Lair:6)
  5 mermaids
  3 item mimics
  A komodo dragon (shapeshifter) (Vaults:4)
  3 tengu conjurers
  A yaktaur (shapeshifter) (Vaults:4)
  12 demonic crawlers
  12 komodo dragons
  28 yaktaurs
  A fire drake (shapeshifter) (Vaults:2)
  8 deep elf priests
  3 freezing wraiths
  Grinder (D:6)
  3 fire drakes
  3 kobold demonologists (Vaults:3)
  A hydra zombie (D:9)
  A blue devil (Spider:1)
  3 wind drakes
  A queen bee (shapeshifter) (Vaults:3)
  A tengu simulacrum (Vaults:3)
  20 merfolk
  40 jumping spiders
  3 trolls
  20 polar bears
  3 snapping turtles
  2 ettin zombies (Vaults:2)
  26 two-headed ogres
  18 blink frogs
  A stone giant simulacrum (Vaults:4)
  2 air elementals (Depths:4)
  A boulder beetle (shapeshifter) (Vaults:5)
  7 ravens
  A raven (shapeshifter) (Vaults:3)
  5 boulder beetles
  A frost giant simulacrum (Vaults:2)
  3 basilisks
  35 slime creatures
  10 water elementals
  46 redbacks
  25 trapdoor spiders
  A flying skull (Vaults:2)
  20 deep elf magi
  8 hippogriffs
  3 spriggans
  2 shadows (D:12)
  A yak (shapeshifter) (Vaults:5)
  27 tarantellas
  2 humans (D:14)
  A wyvern (D:13)
  6 fire elementals
  A human (shapeshifter) (Vaults:3)
  3 steam dragons
  46 yaks
  22 vampire mosquitoes
  Grum (Orc:4)
  31 deep elf fighters
  59 wolves
  A mottled dragon (Vaults:1)
  6 wargs
  A soldier ant (D:12)
  2 hell hounds (Elf:1)
  12 porcupines
  A black bear (shapeshifter) (Elf:1)
  12 water moccasins
  3 swamp drakes (Depths:3)
  24 spiders
  59 orc warriors
  4 yellow wasps
  3 phantoms
  5 sky beasts
  7 black bears
  A deep troll skeleton (Vaults:2)
  6 ice beasts
  The ghost of Mateji the Poker, an average MiDK of Yredelemnul (D:3)
  2 necrophages
  A lost soul (Elf:3)
  72 ogres
  2 boring beetles
  10 boggarts
  2 human zombies (Vaults:4)
  20 centaurs
  A fire crab zombie (Vaults:1)
  15 crocodiles
  15 giant frogs
  A gnoll sergeant (D:9)
  2 big kobolds
  6 scorpions
  A human skeleton (Vaults:4)
  A glowing shapeshifter simulacrum (Vaults:2)
  9 wights
  An eye of draining (shapeshifter) (Depths:3)
  2 electric eels
  16 jellies
  5 crimson imps
  5 goliath beetles
  13 hounds
  2 human simulacra
  21 orc priests
  17 iguanas
  6 worker ants
  25 orc wizards
  3 orange rats
  A mottled dragon skeleton (D:9)
  14 sheep
  An ogre skeleton (D:6)
  16 adders
  15 gnolls
  A shadow imp (D:5)
  70 green rats
  An inept item mimic (Orc:1)
  A white imp (Depths:3)
  A worm (D:2)
  An ufetubus (D:14)
  3 giant geckos
  3 oozes
  188 orcs
  16 bats
  A bat zombie (D:6)
  6 giant cockroaches
  30 hobgoblins
  3 ball pythons
  A ball python skeleton (D:4)
  3 giant newts
  2 giant spores
  24 goblins
  A hobgoblin zombie (D:8)
  11 jackals
  23 kobolds
  2 orc zombies (Orc:4)
  12 quokkas
  15 rats
  A rat skeleton (D:4)
  10 ballistomycetes
  2 fungi (Lair:7)
  3 plants (Lair:8)
2280 creatures vanquished.

Vanquished Creatures (collateral kills)
  2 orb spiders
  A two-headed ogre (D:6)
  A slime creature (Vaults:1)
  An orc warrior (Vaults:1)
5 creatures vanquished.

Vanquished Creatures (others)
  An ogre mage (Vaults:5)
  An orc high priest (Elf:1)
  A hell knight (Vaults:5)
  An unseen horror (Vaults:1)
  6 drowned souls
  A troll (Vaults:3)
  A freezing wraith (Vaults:3)
  3 fire elementals
  2 deep elf fighters (Elf:2)
  A vampire mosquito (Vaults:3)
  3 lost souls (Elf:3)
  A jelly (Zot:4)
  3 fungi
  4 plants
  4 tentacles (Shoals:5)
  A tentacle segment (Shoals:5)
34 creatures vanquished.

Grand Total: 2319 creatures vanquished

Notes
Turn   | Place    | Note
--------------------------------------------------------------
     0 | D:1      | perunasaurus, the Vine Stalker Transmuter, began the quest for the Orb.
     0 | D:1      | Reached XP level 1. HP: 9/9 MP: 3/3
   137 | D:1      | Reached XP level 2. HP: 14/14 MP: 5/5
   150 | D:1      | Learned a level 2 spell: Sticks to Snakes
   389 | D:1      | Reached XP level 3. HP: 17/17 MP: 7/7
   472 | D:1      | Reached skill level 3 in Dodging
   533 | D:1      | Reached skill level 1 in Fighting
   979 | D:2      | Found a deep blue altar of Sif Muna.
  1136 | D:2      | Reached XP level 4. HP: 22/22 MP: 6/8
  1236 | D:2      | Found an ancient bone altar of Kikubaaqudgha.
  1319 | D:2      | Reached skill level 4 in Unarmed Combat
  1532 | D:3      | Found a shattered altar of Ashenzari.
  1553 | D:3      | Found a shadowy altar of Dithmenos.
  1721 | D:3      | HP: 2/22 [gnoll/halberd (10)]
  1986 | D:3      | Noticed Mateji's ghost (average MiDK)
  2005 | D:3      | Reached XP level 5. HP: 21/25 MP: 9/11
  2117 | D:3      | HP: 5/25 [Mateji's ghost (5)]
  2122 | D:3      | HP: 3/25 [Mateji's ghost (4)]
  2176 | D:3      | HP: 3/25 [Mateji's ghost (6)]
  2229 | D:3      | Killed Mateji's ghost
  2678 | D:3      | Gained mutation: You heal very quickly. [vine stalker growth]
  2678 | D:3      | Reached XP level 6. HP: 20/30 MP: 8/12
  2970 | D:4      | Reached skill level 1 in Armour
  3300 | D:4      | Reached XP level 7. HP: 24/35 MP: 9/14
  3329 | D:4      | Reached skill level 5 in Unarmed Combat
  3729 | D:4      | Found a shimmering altar of Xom.
  4110 | D:5      | Entered Level 5 of the Dungeon
  4160 | D:5      | Reached skill level 6 in Unarmed Combat
  4465 | D:5      | Gained mutation: You have razor-sharp teeth. [vine stalker growth]
  4465 | D:5      | Reached XP level 8. HP: 39/39 MP: 16/16
  4661 | D:5      | Identified a +0 pair of boots of running (You found it on level 5 of the Dungeon)
  4973 | D:6      | Noticed Grinder
  5189 | D:6      | Reached skill level 6 in Dodging
  5478 | D:6      | Noticed a two-headed ogre
  5501 | D:6      | Killed a two-headed ogre
  5501 | D:6      | Reached skill level 7 in Dodging
  5734 | D:6      | Reached skill level 3 in Fighting
  5945 | D:6      | Reached XP level 9. HP: 36/44 MP: 15/18
  6243 | D:6      | Killed Grinder
  6243 | D:6      | Reached skill level 8 in Unarmed Combat
  7096 | D:7      | Found a staircase to the Ecumenical Temple.
  7131 | Temple   | Entered the Ecumenical Temple
  7144 | Temple   | Became a worshipper of Warmaster Okawaru
  7195 | D:7      | Found a glowing golden altar of the Shining One.
  8132 | D:8      | Reached skill level 9 in Dodging
  8138 | D:8      | Acquired Okawaru's first power
  8172 | D:8      | Reached XP level 10. HP: 49/49 MP: 18/18
  8841 | D:9      | Found a bloodstained altar of Trog.
  8929 | D:9      | Reached skill level 9 in Unarmed Combat
  8949 | D:9      | Found a blossoming altar of Fedhas.
  9074 | D:9      | Found a staircase to the Orcish Mines.
  9120 | D:9      | Reached skill level 10 in Unarmed Combat
  9197 | D:9      | Found a staircase to the Lair.
  9324 | D:9      | Reached XP level 11. HP: 34/53 MP: 14/20
  9904 | Lair:1   | Entered Level 1 of the Lair of Beasts
  9921 | Lair:1   | Found a frozen archway.
  9930 | IceCv    | Entered an ice cave
 10072 | IceCv    | Reached skill level 11 in Dodging
 10194 | IceCv    | Acquired Okawaru's second power
 10203 | IceCv    | HP: 11/55 [polar bear (1)]
 10203 | IceCv    | HP: 4/55 [polar bear (7)]
 10204 | IceCv    | Reached skill level 3 in Transmutations
 10449 | IceCv    | Learned a level 5 spell: Blade Hands
 10454 | IceCv    | Learned a level 4 spell: Ice Form
 10513 | IceCv    | Reached skill level 6 in Transmutations
 10544 | IceCv    | Reached skill level 3 in Spellcasting
 10641 | IceCv    | Noticed an ice statue
 10710 | IceCv    | Killed an ice statue
 10710 | IceCv    | Gained mutation: You regenerate. [vine stalker growth]
 10710 | IceCv    | Reached XP level 12. HP: 60/60 MP: 12/22
 10756 | IceCv    | Noticed a death yak
 10768 | IceCv    | Received a gift from Okawaru
 10785 | IceCv    | Killed a death yak
 10855 | IceCv    | Noticed a death yak
 10855 | IceCv    | Noticed a frost giant
 10866 | IceCv    | Killed a death yak
 10866 | IceCv    | Reached skill level 9 in Transmutations
 10921 | IceCv    | Killed a frost giant
 10921 | IceCv    | Received a gift from Okawaru
 11172 | Lair:1   | Learned a level 4 spell: Control Teleport
 11845 | Lair:1   | Received a gift from Okawaru
 12316 | Lair:2   | Noticed a five-headed hydra
 12331 | Lair:2   | Killed a five-headed hydra
 12401 | Lair:2   | Reached skill level 1 in Charms
 12447 | Lair:2   | Reached skill level 3 in Charms
 12596 | Lair:2   | Reached XP level 13. HP: 63/63 MP: 25/27
 12765 | Lair:2   | Noticed a seven-headed hydra
 12772 | Lair:2   | Received a gift from Okawaru
 12805 | Lair:2   | Killed a seven-headed hydra
 12805 | Lair:2   | Reached skill level 6 in Charms
 12874 | Lair:2   | Learned a level 6 spell: Haste
 13847 | Lair:3   | Found a hole to the Spider Nest.
 14186 | Lair:3   | HP: 10/63 [komodo dragon (18)]
 14443 | Lair:3   | HP: 14/94 [steam dragon/ball of steam (7)]
 14448 | Lair:3   | HP: 8/94 [poisoned by a spiny frog]
 14453 | Lair:3   | HP: 4/63 [poisoned by a spiny frog]
 14607 | Lair:4   | Noticed Harold
 14618 | Lair:4   | Killed Harold
 14618 | Lair:4   | Reached skill level 9 in Charms
 15203 | Lair:5   | Received a gift from Okawaru
 16024 | Lair:6   | Found a staircase to the Shoals.
 16215 | Lair:6   | Reached XP level 14. HP: 56/68 MP: 24/28
 16231 | Lair:6   | Found a staircase to the Slime Pits.
 16736 | Lair:7   | Reached skill level 12 in Charms
 16838 | Lair:7   | Noticed Snorg
 16850 | Lair:7   | Killed Snorg
 16901 | Lair:7   | Reached skill level 6 in Spellcasting
 17613 | Lair:7   | Noticed Fannar
 17636 | Lair:7   | Killed Fannar
 17867 | Lair:7   | Reached skill level 13 in Charms
 18081 | Lair:8   | Entered Level 8 of the Lair of Beasts
 18437 | Lair:8   | Received a gift from Okawaru
 19130 | Lair:8   | Reached skill level 14 in Charms
 19138 | Lair:8   | Reached skill level 1 in Evocations
 19317 | Lair:8   | Reached skill level 3 in Evocations
 19332 | Lair:8   | Received a gift from Okawaru
 19497 | Lair:8   | Identified Sif Muna's Disquisition on Changing
 19504 | Lair:8   | Learned a level 2 spell: Blink
 19877 | Orc:1    | Entered Level 1 of the Orcish Mines
 20101 | Orc:2    | Reached skill level 6 in Evocations
 20162 | Orc:2    | Reached XP level 15. HP: 72/72 MP: 29/29
 20204 | Orc:2    | Found a bloodstained altar of Trog.
 20224 | Orc:1    | Reached skill level 1 in Invocations
 20701 | Orc:3    | Found a staircase to the Elven Halls.
 20909 | Orc:3    | Noticed Nergalle
 20916 | Orc:3    | Killed Nergalle
 20916 | Orc:3    | Received a gift from Okawaru
 21317 | Orc:2    | Found Ceopheom's Jewellery Shoppe.
 21326 | Orc:2    | Bought a +4 ring of protection for 360 gold pieces
 21326 | Orc:2    | Bought an uncursed ring of see invisible for 150 gold pieces
 21529 | Orc:3    | Noticed Gastronok
 21614 | Orc:3    | Killed Gastronok
 21614 | Orc:3    | Reached skill level 3 in Invocations
 21745 | Orc:4    | Entered Level 4 of the Orcish Mines
 21755 | Orc:4    | Noticed Grum
 21771 | Orc:4    | Killed Grum
 21970 | Orc:4    | Noticed Saint Roka
 22079 | Orc:4    | Killed Saint Roka
 22079 | Orc:4    | Reached skill level 6 in Invocations
 22092 | Orc:4    | Received a gift from Okawaru
 22093 | Orc:4    | Got a pair of pitted gloves {god gift}
 22106 | Orc:4    | Identified the +2 pair of gloves of the Imp {Dex+1 Slay+4} (Okawaru gifted it to you on level 4 of the Orcish Mines)
 22403 | Orc:4    | Found a roughly hewn altar of Beogh.
 22419 | Orc:4    | Found a roughly hewn altar of Beogh.
 22613 | Orc:4    | HP: 11/72 [orc warrior/uncursed battleaxe (6)]
 22790 | Orc:4    | Found Iduilump's Book Boutique.
 22790 | Orc:4    | Found Suanuamp's Distillery.
 22794 | Orc:4    | Found Keowkell's Armour Emporium.
 22803 | Orc:4    | Found Teobloefro's Distillery.
 22809 | Orc:4    | Bought a potion of resistance for 98 gold pieces
 22809 | Orc:4    | Bought a potion of haste for 98 gold pieces
 22810 | Orc:4    | Bought a potion of cancellation for 77 gold pieces
 22810 | Orc:4    | Bought a potion of agility for 35 gold pieces
 22810 | Orc:4    | Bought a potion of might for 35 gold pieces
 22818 | Orc:4    | Bought a potion of haste for 112 gold pieces
 22818 | Orc:4    | Bought a potion of resistance for 112 gold pieces
 22818 | Orc:4    | Bought a potion of berserk rage for 48 gold pieces
 22818 | Orc:4    | Bought a potion of agility for 40 gold pieces
 22957 | Elf:1    | Entered Level 1 of the Elven Halls
 22957 | Elf:1    | Noticed Azrael
 23024 | Elf:1    | Killed Azrael
 23075 | Elf:1    | Noticed Louise
 23146 | Elf:1    | Killed Louise
 23858 | Elf:1    | Gained mutation: You are clumsy. (Dex -2) [a shining eye]
 23874 | Elf:2    | Noticed Nessos
 23881 | Elf:2    | Killed Nessos
 23881 | Elf:2    | Reached skill level 12 in Unarmed Combat
 24783 | Elf:2    | Received a gift from Okawaru
 24787 | Elf:2    | Reached XP level 16. HP: 42/76 MP: 26/30
 24789 | Elf:2    | Reached skill level 12 in Dodging
 25068 | Elf:3    | Entered Level 3 of the Elven Halls
 25068 | Elf:3    | Found Uteukok's Assorted Antiques.
 25180 | Orc:4    | Bought a manual of Fighting for 1656 gold pieces
 25291 | Elf:3    | Reached skill level 6 in Fighting
 25305 | Elf:3    | Noticed a deep elf master archer
 25480 | Elf:3    | Noticed a deep elf blademaster
 25489 | Elf:3    | Reached skill level 9 in Fighting
 25492 | Elf:3    | Received a gift from Okawaru
 25525 | Elf:3    | Killed a deep elf blademaster
 25555 | Elf:3    | Got a shimmering lapis lazuli ring
 25556 | Elf:3    | Identified the ring of Yrphoxew {rPois Int+5 SInv} (You took it off a deep elf blademaster on level 3 of the Elven Halls)
 25598 | Elf:3    | Noticed a deep elf blademaster
 25632 | Elf:3    | Killed a deep elf blademaster
 25692 | Elf:3    | Noticed Nikola
 25718 | Elf:3    | Killed Nikola
 25718 | Elf:3    | Received a gift from Okawaru
 25938 | Elf:3    | Got a flickering wooden ring
 25939 | Elf:3    | Identified the ring of Uhainad {rC+ Str+4 Dex+3} (You took it off Nikola on level 3 of the Elven Halls)
 25945 | Elf:3    | Noticed a Brimstone Fiend
 26092 | Elf:3    | Received a gift from Okawaru
 26103 | Elf:3    | Reached skill level 12 in Fighting
 26271 | Elf:3    | Got a wavering platinum ring
 26291 | Elf:3    | Identified the ring "Zyips" {rElec SInv Stlth+} (You took it off a deep elf annihilator on level 3 of the Elven Halls)
 26653 | Elf:3    | Identified the Compendium of Excruciating Necromancy
 26677 | Elf:3    | Noticed a Hell Sentinel
 26681 | Elf:3    | Killed a deep elf master archer
 26983 | Elf:3    | Identified Psyjuem's Guide on Flying Battle Magic
 26991 | Elf:3    | Learned a level 6 spell: Deflect Missiles
 27020 | Elf:3    | Identified a scroll of acquirement {!r}
 27184 | Elf:3    | Reached XP level 17. HP: 90/95 MP: 26/32
 27239 | Elf:3    | Received a gift from Okawaru
 27375 | Elf:3    | Noticed a deep elf master archer
 27459 | Elf:3    | Killed a deep elf master archer
 27522 | Elf:3    | Learned a level 3 spell: Flight
 27779 | Elf:3    | Bought a scroll of magic mapping for 122 gold pieces
 27779 | Elf:3    | Bought a scroll of identify for 70 gold pieces
 28004 | Spider:1 | Entered Level 1 of the Spider Nest
 28031 | Spider:1 | Learned a level 1 spell: Summon Butterflies
 28047 | Spider:1 | Noticed Frances
 28062 | Spider:1 | Killed Frances
 28062 | Spider:1 | Reached skill level 9 in Spellcasting
 28129 | Spider:1 | Reached skill level 1 in Air Magic
 28287 | Spider:1 | Noticed Kirke
 28307 | Spider:1 | Killed Kirke
 28544 | Spider:2 | Noticed Arachne
 28555 | Spider:2 | Killed Arachne
 28789 | Spider:2 | Got a steaming blowgun
 28790 | Spider:2 | Identified the +8 blowgun of Terror {evade, +Inv} (You found it on level 2 of the Spider Nest)
 29740 | Elf:3    | Learned a level 5 spell: Silence
 30087 | Spider:3 | Reached skill level 1 in Hexes
 30207 | Spider:3 | Reached skill level 3 in Hexes
 30210 | Spider:3 | Reached skill level 3 in Air Magic
 31029 | Spider:4 | Received a gift from Okawaru
 31030 | Spider:4 | Got a polished helmet {god gift}
 31062 | Spider:4 | Identified the +2 helmet of Fuygg {rN+ Str+3} (Okawaru gifted it to you on level 4 of the Spider Nest)
 31209 | Spider:4 | Reached XP level 18. HP: 100/100 MP: 31/36
 31461 | Spider:4 | Reached skill level 6 in Air Magic
 31794 | Orc:4    | Bought a book of Battle for 600 gold pieces
 31799 | Orc:4    | Learned a level 3 spell: Regeneration
 32096 | Spider:5 | Entered Level 5 of the Spider Nest
 32194 | Spider:5 | Noticed Wiglaf
 32211 | Spider:5 | Killed Wiglaf
 32211 | Spider:5 | Reached skill level 6 in Hexes
 32846 | Spider:5 | Received a gift from Okawaru
 32880 | Spider:5 | Got a gossamer rune of Zot
 33210 | Spider:2 | Reached skill level 9 in Hexes
 33346 | Shoals:1 | Entered Level 1 of the Shoals
 33588 | Shoals:2 | Reached skill level 9 in Air Magic
 33595 | Shoals:2 | Received a gift from Okawaru
 34127 | Shoals:5 | Entered Level 5 of the Shoals
 34249 | Shoals:5 | Got a steaming lead ring
 34250 | Shoals:5 | Identified the ring "Stiystof" {+Fly Str+2 Dex+2} (You found it on level 5 of the Shoals)
 34408 | Shoals:5 | Reached XP level 19. HP: 102/104 MP: 34/37
 34538 | Shoals:5 | Noticed Ilsuiw
 34551 | Shoals:5 | Killed Ilsuiw
 34556 | Shoals:5 | Received a gift from Okawaru
 34910 | Shoals:5 | Got a barnacled rune of Zot
 35199 | D:10     | Entered Level 10 of the Dungeon
 35792 | D:13     | Found Doladuepn's Food Boutique.
 35979 | D:13     | Reached skill level 12 in Hexes
 36815 | D:14     | Found Perphaj's General Store.
 36869 | D:14     | Bought a scroll of summoning for 142 gold pieces
 37023 | D:14     | Found a gate to the Vaults.
 37083 | Vaults:1 | Entered Level 1 of the Vaults
 37245 | Vaults:1 | Found Olistura's Weapon Emporium.
 37272 | Vaults:1 | Received a gift from Okawaru
 37886 | Vaults:1 | Reached XP level 20. HP: 102/109 MP: 38/38
 37952 | Vaults:1 | Reached skill level 3 in Armour
 38603 | Vaults:1 | Received a gift from Okawaru
 39083 | Vaults:2 | Reached skill level 6 in Armour
 39574 | Vaults:2 | Found a staircase to the Crypt.
 39586 | Vaults:2 | Received a gift from Okawaru
 39755 | Vaults:2 | Found Cruent's Book Shop.
 39787 | Vaults:2 | Cruent's Book Shop was a mimic.
 39954 | Vaults:2 | Received a gift from Okawaru
 40491 | Vaults:2 | Reached skill level 15 in Unarmed Combat
 40721 | Vaults:3 | Reached XP level 21. HP: 95/113 MP: 37/38
 41369 | Vaults:3 | Received a gift from Okawaru
 41440 | Vaults:3 | Reached skill level 15 in Dodging
 41450 | Vaults:3 | HP: 16/113 [vault warden/halberd (7)]
 41453 | Vaults:3 | HP: 2/113 [hellion/burst of hellfire[a lich] (16)]
 41612 | Vaults:3 | Received a gift from Okawaru
 42009 | Vaults:4 | Got a twitching steel amulet
 42015 | Vaults:4 | Identified the amulet of Cihiliuph {Spirit rElec} (You found it on level 4 of the Vaults)
 42697 | Vaults:4 | Reached skill level 16 in Dodging
 42709 | Vaults:4 | Received a gift from Okawaru
 43041 | Vaults:4 | Noticed Mennas
 43075 | Vaults:4 | Killed Mennas
 43120 | Vaults:4 | Found Trinife's Antique Weapon Shoppe.
 43347 | Vaults:4 | Noticed Agnes
 43363 | Vaults:4 | Killed Agnes
 43578 | Vaults:5 | Entered Level 5 of the Vaults
 43621 | Vaults:4 | Reached XP level 22. HP: 76/121 MP: 29/39
 43691 | Vaults:4 | Reached skill level 15 in Fighting
 43722 | Vaults:4 | Received a gift from Okawaru
 43907 | Vaults:5 | Noticed Margery
 43917 | Vaults:4 | Received a gift from Okawaru
 43935 | Vaults:4 | Got a pair of faintly humming boots {god gift}
 43947 | Vaults:4 | Identified the -3 pair of boots of Striabb {+Fly rC+} (Okawaru gifted it to you on level 4 of the Vaults)
 44044 | Vaults:5 | Noticed a golden dragon
 44047 | Vaults:5 | HP: 24/124 [hell knight/glowing great mace[Margery] (11)]
 44053 | Vaults:4 | HP: 21/124 [poisoned by a hand axe of venom]
 44058 | Vaults:4 | HP: 21/124 [poisoned by a hand axe of venom]
 44063 | Vaults:4 | HP: 21/124 [poisoned by a hand axe of venom]
 44069 | Vaults:4 | HP: 22/124 [poisoned by a hand axe of venom]
 44191 | Vaults:4 | Killed a golden dragon
 44399 | Vaults:5 | Killed Margery
 44427 | Vaults:4 | Reached skill level 17 in Fighting
 44527 | Vaults:5 | Received a gift from Okawaru
 44659 | Vaults:5 | Identified Sif Muna's Papyrus of Unstable Flames (You found it on level 5 of the Vaults)
 44852 | Vaults:5 | Got a glittering jade amulet
 44860 | Vaults:5 | Identified the amulet "Dytas" {Faith rF+} (You took it off a deep elf conjurer on level 5 of the Vaults)
 44900 | Vaults:5 | Reached XP level 23. HP: 130/130 MP: 39/39
 45185 | Vaults:5 | Noticed a golden dragon
 45197 | Vaults:5 | Killed a golden dragon
 45351 | Vaults:5 | Got a silver rune of Zot
 46420 | D:15     | Entered Level 15 of the Dungeon
 46444 | D:15     | Found Xayse's Weapon Shoppe.
 46477 | D:15     | Found a staircase to the Depths.
 46487 | Depths:1 | Entered Level 1 of the Depths
 46615 | Depths:1 | Received a gift from Okawaru
 46725 | Depths:1 | Found a gateway to Hell.
 46878 | Depths:3 | Found a gateway to a ziggurat.
 46962 | Depths:3 | Reached skill level 9 in Armour
 47033 | Depths:3 | Noticed Asterion
 47056 | Depths:3 | Killed Asterion
 47065 | Depths:3 | HP: 25/130 [ettin/dire flail (28)]
 47282 | Depths:4 | Noticed Mara
 47301 | Depths:4 | Killed Mara
 47301 | Depths:4 | Received a gift from Okawaru
 47345 | Depths:4 | Noticed the Enchantress
 47371 | Depths:4 | Killed the Enchantress
 47404 | Depths:4 | Got a faerie dragon armour
 47423 | Depths:4 | Identified the +4 faerie dragon armour {+Blink +Rage rElec Str+3} (You took it off the Enchantress on level 4 of the Depths)
 47500 | Depths:4 | Received a gift from Okawaru
 47502 | Depths:4 | Got a pair of blackened boots {god gift}
 47514 | Depths:4 | Identified the +0 pair of boots of the Lobster {SInv} (Okawaru gifted it to you on level 4 of the Depths)
 47549 | Depths:4 | Found a one-way gate to the infinite horrors of the Abyss.
 47727 | Depths:4 | Reached XP level 24. HP: 115/136 MP: 40/40
 47763 | Depths:5 | Entered Level 5 of the Depths
 47901 | Depths:5 | Found a gateway to a bazaar.
 48002 | Depths:5 | Found a gate to the Realm of Zot.
 48025 | Zot:1    | Entered Level 1 of the Realm of Zot
 48073 | Zot:1    | Received a gift from Okawaru
 48087 | Zot:1    | Reached skill level 18 in Dodging
 48427 | Zot:3    | Received a gift from Okawaru
 48691 | Zot:4    | Reached skill level 18 in Fighting
 48891 | Zot:5    | Entered Level 5 of the Realm of Zot
 49010 | Zot:5    | Received a gift from Okawaru
 49114 | Zot:5    | Noticed an orb of fire
 49133 | Zot:5    | Killed an orb of fire
 49133 | Zot:5    | Reached skill level 18 in Unarmed Combat
 49133 | Zot:5    | Reached XP level 25. HP: 130/142 MP: 40/40
 49601 | Zot:5    | Noticed an ancient lich
 49612 | Zot:5    | Killed an ancient lich
 49612 | Zot:5    | Reached skill level 19 in Unarmed Combat
 49663 | Zot:5    | Noticed an orb of fire
 49674 | Zot:5    | Killed an orb of fire
 49676 | Zot:5    | Noticed an orb of fire
 49676 | Zot:5    | Noticed an ancient lich
 49676 | Zot:5    | Noticed an ancient lich
 49678 | Zot:5    | Noticed an ancient lich
 49682 | Zot:5    | Noticed an orb of fire
 49684 | Zot:5    | Killed an ancient lich
 49686 | Zot:5    | Killed an orb of fire
 49689 | Zot:5    | Killed an ancient lich
 49697 | Zot:5    | Killed an orb of fire
 49704 | Zot:5    | Killed an ancient lich
 49712 | Zot:5    | Noticed an ancient lich
 49786 | Zot:5    | Killed an ancient lich
 49860 | Zot:5    | Noticed an orb of fire
 49874 | Zot:5    | Killed an orb of fire
 49922 | Zot:5    | Reached XP level 26. HP: 68/149 MP: 24/41
 49928 | Zot:5    | Received a gift from Okawaru
 49937 | Zot:5    | HP: 26/150 [Orb Guardian (15)]
 50117 | Zot:5    | Got the Orb of Zot
 50191 | Zot:5    | Gained mutation: Your vision is a little blurry. [a cacodemon]
 50340 | Depths:5 | Noticed Shoulawn the pandemonium lord
 50354 | Depths:4 | Lost mutation: Your vision is a little blurry. [potion of cure mutation]
 50354 | Depths:4 | Lost mutation: You are clumsy. (Dex -2) [potion of cure mutation]
 50694 | D:4      | Noticed Skebahih the pandemonium lord
 50840 | D:$      | Escaped with the Orb!

Vault maps used:
D:1:      minmay_arrival_nine_rooms, minivault_27, minmay_misc_feat_rugged
D:2:      grunt_temple_overflow_open, first_bread
D:3:      grunt_dithmenos_smoke, evilmike_ruin_ashenzari
D:4:      xom_butterflies
D:5:      hangedman_abyss_or_decor_jellyfish_corner
D:6:      uniq_grinder
D:7:      lemuel_crystal_altar, minmay_temple_entry_grid
D:9:      fedhas_altar_1, orc_0_dummy, minmay_lair_entry_grove, basic_altar
D:11:     cheibrodos_breeding_chamber, enter_trove_2, hangedman_tell_no_tales,
          nrook_guardian_serpent_double
D:12:     kennysheep_generic_room_11
D:13:     serial_shops, nicolae_shop_waterfront
D:14:     grunt_vaults_entry_fortified, serial_shops, shop_statue
D:15:     hangedman_depths_entry_civil_slaughter, serial_shops, shop,
          roderic_filled_cross
Temple:   zaba_magenta_temple_12
Orc:1:    enter_bailey_3
Orc:2:    serial_shops, shop_fountains, bloody_trog
Orc:3:    nicolae_orc_pool_cavern, uniq_nergalle, uniq_gastronok
Orc:4:    basic_altar, st_orc_rangers, mines2_david, uniq_grum, uniq_saint_roka
Elf:1:    spider_trap, uniq_azrael, uniq_louise
Elf:2:    minmay_misc_feat_diagonals, evilmike_minifort, uniq_nessos
Elf:3:    grunt_elf_hall_spiral, serial_shops, nicolae_shop_stone, uniq_nikola
Lair:1:   portal_ice_cave_entry_pillars_01
Lair:2:   beast_lair_carwin_large_3, grunt_forest_stairs_clearing
Lair:3:   dummy_spider_entry
Lair:4:   minmay_lair_oklob_bushes, uniq_harold
Lair:5:   st_stairs_10, infiniplex_staircase_pool
Lair:6:   elwin_shoals_entry_stream, minmay_slime_entry_pillars,
          minmay_hedge_maze
Lair:7:   uniq_snorg, uniq_fannar
Lair:8:   due_jungle_book, serial_bayou_ford_a
Shoals:1: lemuel_oklob_altar
Shoals:2: uniq_polyphemus
Shoals:4: uniq_aizul
Shoals:5: shoals_end_simple, shoal_ilsuiw
Spider:1: uniq_kirke, uniq_frances
Spider:2: uniq_arachne
Spider:3: nicolae_arachne_temple
Spider:4: guppyfry_spider_mini_3
Spider:5: spider_rune_water, uniq_wiglaf
Vaults:1: nicolae_vaults_what_the_h, v_rooms_5, v_misc_18,
          nicolae_vaults_little_squares_6, v_rooms_5, dpeg_vaults_monster_box,
          v_rooms_3, vaults_dpeg_hooks, ontoclasm_vaults_ligature, v_misc_8,
          nicolae_vaults_little_ls
Vaults:2: nicolae_vaults_shelves_hall, vaults_room_hangedman_quadrants,
          minmay_crypt_entry_nasty_monster, vaults_dpeg_cross,
          ontoclasm_vaults_loading_screen, vaults_mumra_minichess,
          hangedman_vaults_nails, v_misc_14, v_misc_18, vaults_room_pool,
          serial_shops, nicolae_shop_waterfront
Vaults:3: vaults_room_hallway, nicolae_vaults_little_squares_1, v_misc_11,
          v_rooms_5, ontoclasm_vaults_pinch, v_misc_9,
          nicolae_vaults_minivaults, vaults_mumra_minichess_inversion,
          v_misc_10, nicolae_vaults_big_angled_halls, hangedman_vaults_cutoff
Vaults:4: hangedman_vaults_slither, grunt_vaults_trifunnel,
          nicolae_vaults_little_squares_1, vaults_room_door_hall,
          nicolae_vaults_mini_display_case, ontoclasm_vaults_shuriken,
          nicolae_vaults_quartermaster, v_pattern_1, vaults_room_pool,
          ontoclasm_vaults_decontamination, vaults_room_stairs_pillars,
          hangedman_vaults_slice, ontoclasm_vaults_loading_screen, serial_shops,
          nicolae_shop_trees, uniq_agnes, uniq_mennas
Vaults:5: serial_shops, uniq_margery, uniq_boris
Depths:1: hell_entry, minmay_tree_intersection, hangedman_decor_push,
          serial_bayou_lake_a, firewood_loft
Depths:2: hangedman_crystal_crosses_colossus, hell_entry
Depths:3: onia_ninara_swampy_vault, enter_ziggurat_e, hell_entry,
          grunt_pan_entry_sceptre, minmay_misc_feat_iff,
          infiniplex_staircase_pillars_1, uniq_frederick, uniq_asterion
Depths:4: four-leaf_vault, abyss_entry, hell_entry, grunt_pan_entry_zigzag,
          minmay_misc_feat_five, grunt_megastairs_3, uniq_mara, uniq_jorgrun,
          uniq_enchantress
Depths:5: evilmike_zot_entry_round, hell_entry, serial_shops, bzr_entry_dummy,
          abyss_entry
Zot:1:    st_stairs_4, bh_zot_lava_cross, zot_minivault_3
Zot:3:    nicolae_zot_draconian_monastery
Zot:4:    lemuel_acid_trip
IceCv:    ice_cave_caverns_01

Action                   |  1- 3 |  4- 6 |  7- 9 | 10-12 | 13-15 | 16-18 | 19-21 | 22-24 | 25-27 || total
-------------------------+-------+-------+-------+-------+-------+-------+-------+-------+-------++-------
Melee: Unarmed           |   113 |   231 |   500 |   686 |  1517 |  1035 |  1467 |  1085 |   183 ||  6817
 Fire: Blowgun           |       |       |       |     9 |    10 |    39 |     2 |       |       ||    60
Throw: Stone             |       |     4 |    29 |       |    16 |     6 |     1 |     2 |       ||    58
       Tomahawk          |       |       |    12 |    15 |    18 |       |       |       |       ||    45
 Cast: Beastly Appendage |    22 |    15 |     1 |       |       |       |       |       |       ||    38
       Sticks to Snakes  |       |     8 |    10 |       |       |       |       |       |       ||    18
       Ice Form          |       |       |       |     4 |    12 |     2 |     1 |     1 |       ||    20
       Blade Hands       |       |       |       |    10 |    83 |    94 |   112 |    72 |    16 ||   387
       Haste             |       |       |       |       |     6 |    28 |    14 |    16 |     6 ||    70
       Blink             |       |       |       |       |     2 |     1 |       |       |     1 ||     4
       Control Teleport  |       |       |       |       |       |     1 |     1 |     1 |       ||     3
       Deflect Missiles  |       |       |       |       |       |     2 |     9 |     7 |     1 ||    19
       Regeneration      |       |       |       |       |       |    24 |   124 |    93 |    14 ||   255
       Flight            |       |       |       |       |       |     7 |     4 |     9 |       ||    20
       Summon Butterflie |       |       |       |       |       |     1 |       |       |       ||     1
       Silence           |       |       |       |       |       |       |     5 |     9 |     3 ||    17
Invok: Heroism           |       |       |       |    12 |    35 |    26 |     6 |    20 |     5 ||   104
       Finesse           |       |       |       |       |     2 |     1 |     1 |     6 |       ||    10
 Abil: Evoke Berserk Rag |       |       |     2 |     3 |     3 |     2 |       |       |       ||    10
       End Transformatio |       |       |       |     6 |    53 |    53 |    61 |    46 |    10 ||   229
Evoke: Wand              |       |       |     5 |     3 |     8 |     8 |    17 |     3 |       ||    44
       Lamp of fire      |       |       |       |       |       |     2 |     2 |       |       ||     4
  Use: Scroll            |       |     9 |    10 |     6 |    15 |    10 |     4 |    13 |       ||    67
       Potion            |       |       |       |     1 |     2 |     4 |     3 |     1 |     5 ||    16
 Stab: Distracted        |       |     2 |       |     1 |     5 |     2 |       |       |       ||    10
       Fleeing           |       |       |       |     2 |       |       |       |       |       ||     2
       Sleeping          |       |       |       |     1 |     5 |     4 |     2 |     1 |       ||    13
       Invisible         |       |       |       |       |       |     3 |       |       |       ||     3
  Eat: Chunk             |     1 |     9 |    17 |    21 |    75 |    51 |    70 |    47 |       ||   291
       Fruit             |       |       |       |       |     2 |     3 |     2 |       |       ||     7
       Meat ration       |       |       |       |       |       |     3 |     1 |     1 |     4 ||     9
       Royal jelly       |       |       |       |       |       |     1 |       |     1 |       ||     2
       Bread ration      |       |       |       |       |       |     1 |       |       |       ||     1
       Beef jerky        |       |       |       |       |       |     1 |       |       |       ||     1
